 Dungeon Crawl Stone Soup version 0.29.0 (webtiles) character file.

Game seed: 9355364928517686175

1607 jagoly the Changer (level 8, -4/54 HPs)
             Began as an Octopode Transmuter on Sept 11, 2022.
             Slain by Maggie
             ... wielding a +0 morningstar
              (7 damage)
             ... on level 6 of the Dungeon.
             The game lasted 00:31:23 (6497 turns).

jagoly the Changer (Octopode Transmuter)            Turns: 6497, Time: 00:31:23

Health: -4/54      AC:  2    Str: 10    XL:     8   Next: 95%
Magic:  4/14       EV: 22    Int: 17    God:
Gold:   222        SH:  0    Dex: 23    Spells: 5/15 levels left

rFire   . . .      SeeInvis .     - Unarmed
rCold   . . .      Faith    .   (shield currently unavailable)
rNeg    . . .      Spirit   .   (helmet currently unavailable)
rPois   x          Reflect  .   (no amulet)
rElec   .          Harm     .   v - +6 ring of dexterity
rCorr   .          Rampage  .   (no ring)
Will    .....                   (no ring)
Stlth   +++.......              (no ring)
HPRegen 0.18/turn               (no ring)
MPRegen 0.14/turn               (no ring)
                                (no ring)
                                (no ring)

@: spider-form, wereblooded, very slightly contaminated
A: venomous fangs, almost no armour, (amphibious), 8 rings, tiny, (camouflage
1), (gelatinous body 1), (nimble swimmer 1), (tentacles)
a: End Transformation


You were on level 6 of the Dungeon.
You were a venomous arachnid creature.
You visited 1 branch of the dungeon, and saw 6 of its levels.

You collected 222 gold pieces.

Inventory:

Hand Weapons
 a - a +1 dagger of venom (melded)
 b - a +0 sling
Missiles
 c - 7 boomerangs
 d - 47 stones
 i - 2 throwing nets
 p - 3 poisoned darts
Armour
 m - a +0 buckler
Jewellery
 v - a +6 ring of dexterity (left front leg)
Wands
 q - a wand of roots (13)
 r - a wand of mindburst (11)
Scrolls
 e - a scroll of immolation
 f - a scroll of acquirement {unknown}
 h - 2 scrolls of blinking {unknown}
 l - 3 scrolls of identify {unknown}
 t - 4 scrolls of fear {unknown}
 w - a scroll of poison {unknown}
 x - 3 scrolls of silence {unknown}
 y - a scroll of amnesia {unknown}
Potions
 g - a potion of curing {unknown}
 j - 2 potions of mutation {unknown}
 k - 2 potions of degeneration {unknown}
 n - a potion of haste {unknown}
 o - 4 potions of lignification
 s - 3 potions of heal wounds {unknown}
 u - a potion of might
 z - a potion of attraction {unknown}


   Skills:
 + Level 4.1 Fighting
 + Level 3.8 Dodging
 + Level 4.7 Stealth
 + Level 4.6 Unarmed Combat
 + Level 4.2 Spellcasting
 * Level 4.8 Transmutations
 * Level 4.7 Ice Magic
 - Level 2.0 Poison Magic


You had 5 spell levels left.
You knew the following spells:

 Your Spells              Type           Power      Damage    Failure   Level
A - Beastly Appendage     Tmut           38%        N/A       9%          1
I - Ice Form              Ice/Tmut       19%        N/A       43%         4
P - Spider Form           Tmut/Pois      15%        N/A       28%         3
W - Wereblood             Tmut           19%        N/A       11%         2

Your spell library contained the following spells:

 Spells                   Type           Power      Damage    Failure   Level
 Poisonous Vapours        Pois/Air       12%        N/A       34%         2
 Sublimation of Blood     Necr           3%         N/A       45%         2
 Corpse Rot               Necr/Pois/Air  5%         N/A       89%         4
 Summon Hydra             Summ           1%         N/A       100%        7


Dungeon Overview and Level Annotations

Branches:
Dungeon (6/15) Zot: 26557
 Temple: D:4-7

Altars:
Ashenzari
Nemelex Xobeh
Ru
Sif Muna
Wu Jian

Shops:
D:4 [

Annotations:
D:6 Maggie, Pikel


Innate Abilities, Weirdness & Mutations

You are a venomous arachnid creature.
You have poisonous fangs.
You are tiny and dextrous.
Your spellcasting is less reliable in this form.
Your armour is entirely melded.
You are incapable of wielding weapons or throwing items.
You cannot wear most types of armour.
((You are amphibious.))
You can wear up to eight rings at the same time.
((Your skin changes colour to match your surroundings (Stealth+).))
((Your rubbery body absorbs attacks. (AC +1, EV +1)))
((You are camouflaged when in or above water. (Stealth+)))
((You have tentacles for arms and can constrict up to eight enemies at once.))


Message History

Aiming: Fastroot
Press: ? - help, Shift-Dir - straight line
Okay, then.
Press: ? - help, v - describe, . - travel
Here: Maggie, wielding a +0 morningstar and wearing +0 steam dragon scales (moderately wounded, strong, extremely poisoned)
The floor.
Aiming: Fastroot
Press: ? - help, Shift-Dir - straight line The roots erupt in riotous growth!
Roots grab Maggie.
The grasping roots constrict Maggie.
Maggie barely misses you.
A necrophage comes into view.
Unknown command.
Press: ? - help, v - describe, . - travel
Here: Maggie, wielding a +0 morningstar and wearing +0 steam dragon scales (heavily wounded, strong, extremely poisoned, constricted by roots)
The floor.
You hit Maggie.
Maggie is heavily wounded.
The grasping roots constrict Maggie!
The roots release their grip on Maggie.
Maggie completely misses you.
Unknown command.
You hit Maggie.
Maggie looks as sick as possible!
Maggie is severely wounded.
Maggie hits you with a +0 morningstar!!
* * * LOW HITPOINT WARNING * * *
Unknown command.
Press: ? - help, v - describe, . - travel
Here: Maggie, wielding a +0 morningstar and wearing +0 steam dragon scales (almost dead, strong, extremely poisoned)
The floor.
Unknown command.
Press: ? - help, v - describe, . - travel The floor.
Okay, then.
Okay, then.
Press: ? - help, v - describe, . - travel
Here: Maggie, wielding a +0 morningstar and wearing +0 steam dragon scales (almost dead, strong, extremely poisoned)
The floor.
Unknown command.
Maggie attacks as you move away! Maggie hits you with a +0 morningstar!
You die...

### ..# #####.#
#...#.########## ##
#.#.#.##.......####.
#......'...)...'..'.
##.#.#.#.##.......####.
#>..n@....+.......####.
#..#.#s#.##..........#.
# #.#.#.##..........##
#.#.#.##...>.......#
#.#.#.#######....#.#
.@#.#.# #....#..
..#.#+# ###### . ..+..
##. .


You could see Maggie (strong, extremely poisoned) and a necrophage.

Vanquished Creatures
  Grinder (D:5)
  Sigmund (D:5)
  Eustachio (D:5)
  Edmund (D:6)
  A water moccasin (D:4)
  An orc warrior (D:4)
  A black bear (D:4)
  A lemure (D:6)
  A necrophage (D:5)
  3 scorpions
  A howler monkey (D:5)
  3 orc priests
  3 hounds
  2 iguanas (D:4)
  An orc wizard (D:6)
  A gnoll (D:1)
  4 adders
  An ufetubus (D:5)
  7 dart slugs
  22 orcs
  7 endoplasms
  7 giant cockroaches
  4 goblins
  4 hobgoblins
  6 kobolds
  5 quokkas
  3 ball pythons
  5 bats
  5 frilled lizards
  4 rats
107 creatures vanquished.

Notes
Turn   | Place    | Note
-------+----------+-------------------------------------------
     0 | D:1      | jagoly the Octopode Transmuter began the quest for the Orb.
     0 | D:1      | Reached XP level 1. HP: 13/13 MP: 3/3
    58 | D:1      | Reached skill level 1 in Poison Magic
   129 | D:1      | Found a faded altar of an unknown god.
   136 | D:1      | Reached XP level 2. HP: 11/18 MP: 3/5
   389 | D:1      | Learned a level 2 spell: Wereblood
   595 | D:1      | Reached XP level 3. HP: 12/24 MP: 3/6
  1239 | D:1      | Learned a level 3 spell: Spider Form
  1586 | D:2      | Reached XP level 4. HP: 29/29 MP: 4/7
  1735 | D:3      | Reached skill level 1 in Ice Magic
  1737 | D:3      | Reached skill level 1 in Stealth
  1905 | D:3      | Found an ornate altar of the Wu Jian Council.
  2707 | D:3      | Found a sacrificial altar of Ru.
  2708 | D:3      | Found a shimmering blue altar of Sif Muna.
  2711 | D:3      | Found a broken altar of Ashenzari.
  2756 | D:3      | Found a sparkling altar of Nemelex Xobeh.
  3021 | D:4      | Reached XP level 5. HP: 27/35 MP: 4/8
  3031 | D:4      | Noticed an orc warrior
  3120 | D:4      | Noticed a water moccasin
  3137 | D:4      | Killed a water moccasin
  3138 | D:4      | Reached XP level 6. HP: 22/41 MP: 9/9
  3447 | D:4      | Found Meicynif's Armour Shop.
  3652 | D:4      | Noticed a black bear
  3681 | D:4      | Killed a black bear
  4053 | D:5      | Entered Level 5 of the Dungeon
  4071 | D:5      | Reached XP level 7. HP: 46/46 MP: 8/11
  4273 | D:5      | Noticed Eustachio
  4461 | D:5      | Noticed Sigmund
  4467 | D:5      | Killed Sigmund
  4590 | D:5      | Noticed Grinder
  4602 | D:5      | Paralysed by Grinder for 5 turns
  4612 | D:5      | Killed Grinder
  4613 | D:5      | Reached XP level 8. HP: 5/52 MP: 11/13
  5164 | D:5      | Learned a level 4 spell: Ice Form
  5405 | D:4      | Found Meicynif's Armour Shop.
  5981 | D:5      | Killed Eustachio
  6193 | D:6      | Noticed Pikel
  6292 | D:6      | Noticed Edmund
  6309 | D:6      | Killed Edmund
  6482 | D:6      | Noticed Maggie
  6497 | D:6      | Slain by Maggie

Illustrated notes

Levels and vault maps discovered:
D:1:      dpeg_arrival_more_subterranean_lakeside_camping, layout_loops_cross,
          hellmonk_ecumenical_altar_blasted, minivault_27
D:2:      layout_rooms, hangedman_decor_points, dk_noncrumbling_3
D:3:      layout_loops_corners, mainiacjoe_overflow_concentric_impassable,
          grunt_temple_overflow_open, nemelex_xobeh_ov_fountains_minmay,
          serial_rivers, chequers_serial_rivers_small_3,
          chequers_serial_rivers_micro_b, chequers_serial_rivers_large_b,
          chequers_serial_rivers_micro_d
D:4:      layout_cave_pools, serial_shops, shop_statue, minmay_statues_item
D:5:      layout_basic, small_statue_intersection, uniq_grinder, uniq_eustachio,
          uniq_sigmund
D:6:      layout_basic, minmay_temple_entry_arrows, kennysheep_cluttered_room,
          uniq_pikel, uniq_edmund, uniq_maggie

Skill      XL: |  1  2  3  4  5  6  7  8 |
---------------+-------------------------+-----
Poison Magic   | 1 2 |  2.0
Fighting       | 2 3 4 |  4.1
Ice Magic      | 1 2 3 4 |  4.7
Stealth        | 1 2 3 4 |  4.7
Transmutations | 3 4 |  4.8
Dodging        | 3 |  3.8
Unarmed Combat | 4 |  4.6
Spellcasting   | 3 4 |  4.2

Action                   |  1- 3 |  4- 6 |  7- 9 || total
-------------------------+-------+-------+-------++-------
Melee: Unarmed           |    72 |    36 |    51 ||   159
       Kick              |    20 |    25 |    21 ||    66
       Constrict         |    19 |    24 |    11 ||    54
       Punch             |     2 |     3 |     2 ||     7
       Tentacles         |    12 |    15 |    14 ||    41
       Dagger            |       |    62 |    44 ||   106
 Fire: Sling             |       |    62 |       ||    62
Throw: Stone             |       |     1 |       ||     1
       Dart              |       |     3 |       ||     3
       Boomerang         |       |       |     1 ||     1
 Cast: Beastly Appendage |    24 |    20 |    11 ||    55
       Wereblood         |     4 |     5 |    11 ||    20
       Spider Form       |       |     1 |     7 ||     8
Evoke: Wand              |       |       |     3 ||     3
  Use: Potion            |       |     1 |       ||     1
 Stab: Sleeping          |     8 |     6 |     3 ||    17
       Distracted        |       |       |     1 ||     1
Armor: Skin              |     2 |    17 |     6 ||    25
Dodge: Dodged            |    31 |    49 |    86 ||   166
